[Event "WSTCC-50 2024"]
[Site "Krakow"]
[Date "2024.07.02"]
[Round "1.6"]
[White "Flear, Glenn C"]
[Black "Jhunjhnuwala, Naresh"]
[Result "1-0"]
[ECO "A59"]
[WhiteElo "2390"]
[BlackElo "2009"]
[Annotator "TA"]
[PlyCount "65"]
[EventDate "2024.07.01"]
[EventType "team-tourn"]
[EventCountry "POL"]
[SourceTitle "playchess.com"]
[Source "ChessBase"]
[SourceQuality "1"]
[TimeControl "40/5400+30:1800+30"]

1. d4 Nf6 2. c4 c5 3. d5 b5 4. cxb5 a6 5. bxa6 Bxa6 6. Nc3 g6 7. Nf3 Bg7 8. e4 Bxf1 9. Kxf1 d6 10. g3 O-O 11. Kg2 Qb6 12. a4 Na6 13. a5 Qb7 14. Nd2 {[%emt 0:00:48] White has an edge.} Nb4 15. Nc4 Nd7 16. Bf4 Qa6 (16... f5 $14 {was preferrable.}) 17. Qe2 $16 Nc2 18. Qxc2 Qxc4 19. Ra4 $36 {[%emt 0:00:26][%mdl 2048] White is in control.} Qa6 20. b3 Rfb8 21. Rha1 Rb4 (21... Bf6 $14 {is superior.}) 22. R1a2 Rab8 23. R2a3 (23. Rxb4 $16 cxb4 24. Qe2 Qxe2 25. Nxe2) 23... c4 (23... Bxc3 $1 $14 24. Qxc3 Nf6) 24. Rxb4 Rxb4 25. bxc4 Rxc4 26. Qe2 Nc5 {[%emt 0:00:27] Wards off Ra4} (26... Bxc3 $2 {too greedy.} 27. Rxc3 $18) 27. e5 dxe5 {[%emt 0:05:32][%mdl 8192] [#]} (27... Bxe5 $16 {is more resistant.} 28. Bxe5 dxe5) 28. Bxe5 $2 (28. Be3 $1 $18 {[%cal Re3c5] is the precise move to win. Black must now prevent Bxc5.} Nb7 29. Rb3) 28... Rb4 $2 (28... Bxe5 $16 29. Qxe5 Qb7) 29. Bxg7 $18 Kxg7 $2 (29... Qxe2 30. Nxe2 Kxg7) 30. Qxe7 {[%emt 0:00:40] White is clearly winning.} Nd3 31. Qe3 Rb2 32. Nd1 Re2 33. Qxd3 {[%emt 0:00:22] Weighted Error Value: White=0.36/Black=0.72.  Loses game:     	---       	Black=2      Missed win:     	White=1     	---        Mistake:       	White=1     	Black=4      OK:         	White=5     	Black=8      Best:        	White=4     	---} ({Weaker is} 33. Qxe2 Nf4+ 34. gxf4 Qxe2 $11) 1-0

[Event "WSTCC-50 2024"]
[Site "Krakow"]
[Date "2024.07.02"]
[Round "1.6"]
[White "Motuz, Karol"]
[Black "McHugh, Kevin"]
[Result "1-0"]
[ECO "D74"]
[WhiteElo "2293"]
[BlackElo "1938"]
[Annotator "TA"]
[PlyCount "83"]
[EventDate "2024.07.01"]
[EventType "team-tourn"]
[EventCountry "POL"]
[SourceTitle "playchess.com"]
[Source "ChessBase"]
[SourceQuality "1"]
[TimeControl "40/5400+30:1800+30"]

1. c4 Nf6 2. d4 g6 3. g3 Bg7 4. Bg2 d5 5. cxd5 Nxd5 6. Nf3 O-O 7. O-O Nd7 8. e4 N5b6 9. Nc3 Nf6 10. h3 c6 11. Re1 Be6 12. b3 Qc8 13. Kh2 Rd8 {White is better.} 14. Qc2 Rd7 15. Be3 Ne8 16. Rad1 Nc7 17. Ng5 Qd8 18. Nxe6 ({Better is} 18. f4 $16) 18... Nxe6 $14 19. d5 cxd5 20. exd5 (20. Nxd5 {simplifies} Nxd5 21. exd5 Nf8 22. Qe2) 20... Rc8 $2 {[%emt 0:07:02][%mdl 8192] A mistake that costs the game.} (20... Nc7 $14) 21. dxe6 $18 Rxd1 22. Rxd1 Qc7 23. exf7+ Kf8 {[%emt 0:02:37] [#]} 24. Qe4 $1 Bxc3 {[%emt 0:04:46] Black is weak on the light squares} (24... Qxc3 25. Rc1) 25. Rc1 Qd7 26. Qxb7 $2 (26. h4 Rc6 27. Qf4) 26... Qxb7 27. Bxb7 {[%emt 0:00:02] This pair of bishops is nice.} Rc7 28. Be4 {[%emt 0:03:39] Threatens to win with Bd4.} Be5 29. Rxc7 Bxc7 {[%emt 0:00:09][%mdl 4096] Endgame. KBB-KBN} 30. h4 Kxf7 {[%emt 0:01:07] [#]} 31. h5 $1 Nc8 (31... a5 32. h6) 32. Kh3 Nd6 (32... Bb6 {was called for.} 33. Bxb6 Nxb6) 33. Bd3 a5 34. Kg4 {[%emt 0:02:16] Wards off Nf5} Kf6 35. Bd2 e6 36. Bc3+ e5 37. f4 Nf7 38. hxg6 hxg6 39. a4 Nh6+ $2 (39... g5 {was worth a try.} 40. Bc4 gxf4 41. gxf4 Nd8) 40. Kf3 {[%emt 0:00:28] White is clearly winning.} Nf7 41. Bc4 Nd8 42. fxe5+ {[%emt 0:00:46] Weighted Error Value: White=0.40/Black=0.57.  Loses game:     	---       	Black=1      Mistake:       	White=1     	Black=2      Inaccurate:     	White=2     	Black=3      OK:         	White=13    	Black=10     Best:        	White=2     	---} 1-0

[Event "WSTCC-50 2024"]
[Site "Krakow"]
[Date "2024.07.02"]
[Round "1.6"]
[White "Lampe, Dirk"]
[Black "Bhawoodien, Shabir Hussain"]
[Result "1-0"]
[ECO "C88"]
[WhiteElo "2158"]
[BlackElo "1990"]
[Annotator "RC"]
[PlyCount "73"]
[EventDate "2024.07.01"]
[EventType "team-tourn"]
[EventCountry "POL"]
[SourceTitle "playchess.com"]
[Source "ChessBase"]
[SourceQuality "1"]
[TimeControl "40/5400+30:1800+30"]

1. e4 e5 2. Nf3 Nc6 3. Bb5 a6 4. Ba4 Nf6 5. O-O Be7 6. Re1 b5 7. Bb3 O-O 8. a4 b4 9. d4 d6 10. dxe5 Nxe5 11. Nxe5 dxe5 12. Qe2 a5 13. Nd2 Bb7 14. Qb5 Qd7 15. Qxe5 Ng4 16. Qb5 Qd4 17. Qe2 Bc5 18. Rf1 Ne5 19. Nf3 Nxf3+ 20. Qxf3 Bxe4 21. Qf4 Bb7 22. Qxd4 Bxd4 23. Bf4 c5 24. Be3 Bxb2 25. Bxc5 Bxa1 26. Bxf8 Bd4 27. Bd6 Ra6 28. Re1 h5 29. Bg3 Rf6 30. Re8+ Kh7 31. Re7 g5 32. Rxb7 h4 33. Bb8 Rxf2 34. Ba7 h3 35. Bxd4 Rxg2+ 36. Kh1 Rd2 37. Bg1 1-0

[Event "WSTCC-50 2024"]
[Site "Krakow"]
[Date "2024.07.02"]
[Round "1.7"]
[White "Jhunjhnuwala, Ramesh"]
[Black "Arkell, Keith C"]
[Result "0-1"]
[ECO "B13"]
[WhiteElo "2050"]
[BlackElo "2375"]
[Annotator "TA"]
[PlyCount "96"]
[EventDate "2024.07.01"]
[EventType "team-tourn"]
[EventCountry "POL"]
[SourceTitle "playchess.com"]
[Source "ChessBase"]
[SourceQuality "1"]
[TimeControl "40/5400+30:1800+30"]

1. e4 c6 2. d4 d5 3. exd5 cxd5 4. Bd3 Nc6 5. c3 Nf6 6. h3 g6 7. Nf3 Bf5 8. g4 (8. Ne5 $11) 8... Bxd3 $15 9. Qxd3 {[%emt 0:00:12] Black is slightly better.} h5 10. g5 Ne4 11. Nbd2 Nxd2 12. Bxd2 Bg7 13. Bf4 Qd7 14. O-O-O (14. Kf1 $11 {is superior.}) 14... O-O 15. Kb1 b5 16. Ne5 (16. Qxb5 $2 {loses.} Qf5+ 17. Ka1 (17. Rd3 $2 Nb4 $19) 17... Qxf4 $19) ({White should try} 16. Be5 $1 $15) 16... Bxe5 $17 17. Bxe5 b4 18. Rc1 (18. cxb4 $17 Nxb4 19. Qf3) 18... Rfc8 19. Qf3 (19. Bg3 $17 {is a better defense.}) 19... Nxe5 $19 20. dxe5 bxc3 21. Rxc3 Rxc3 22. Qxc3 {[%emt 0:01:20][%mdl 4096] Endgame. KQR-KQR} Qf5+ 23. Ka1 Rc8 $40 {[%emt 0:09:33][%mdl 128] Repels Qc7. Black wants a kill.} (23... Qxg5 24. Qc6 Rd8 25. e6 $19) 24. Qe3 Rc2 25. f4 Qe4 26. Qxe4 dxe4 {[%emt 0:01:35] KR-KR} 27. Re1 Rf2 28. b4 Rxf4 29. Kb2 {[%emt 0:01:13] [#]} e3 $1 30. Kc3 (30. Rxe3 Rxb4+) 30... Re4 31. b5 Rxe5 32. a4 f5 ({Don't play} 32... Rxg5 33. Rxe3 h4 34. Rxe7 Rg3+ 35. Kb2 Rxh3 36. Rxa7 Rh2+ 37. Kb3 $17) 33. gxf6 exf6 34. Kd3 Kf7 35. Ke2 Re4 36. Ra1 {[%emt 0:00:37] [#]} Rb4 $1 37. Ra3 $2 {[%emt 0:01:16][%mdl 8192] Now White is beyond hope.} (37. Kxe3 $17 {was the crucial defense.} f5 38. Kd2) 37... g5 38. Kxe3 g4 39. hxg4 hxg4 40. Kf2 Kg6 41. Kg3 Kg5 {[%emt 0:00:10] aiming for ...f5.} 42. Rc3 Rxa4 43. Rc7 Ra3+ {[%emt 0:00:05] Black mates.} 44. Kg2 f5 45. Rc5 Ra2+ 46. Kg3 Rd2 47. Re5 Rd3+ 48. Kf2 Kf4 {[%emt 0:00:06] Weighted Error Value: White=0.72/Black=0.14 (very precise) .  Loses game:     	White=1     	---        Mistake:       	White=5     	---        Inaccurate:     	White=2     	Black=1      OK:         	White=8     	Black=21     Best:        	White=3     	---} 0-1

[Event "WSTCC-50 2024"]
[Site "Krakow"]
[Date "2024.07.02"]
[Round "1.7"]
[White "Fox, Anthony"]
[Black "Briestensky, Rastislav"]
[Result "0-1"]
[ECO "B19"]
[WhiteElo "1909"]
[BlackElo "2274"]
[Annotator "TA"]
[PlyCount "132"]
[EventDate "2024.07.01"]
[EventType "team-tourn"]
[EventCountry "POL"]
[SourceTitle "playchess.com"]
[Source "ChessBase"]
[SourceQuality "1"]
[TimeControl "40/5400+30:1800+30"]

1. e4 c6 2. d4 d5 3. Nc3 dxe4 4. Nxe4 Bf5 5. Ng3 Bg6 6. h4 h6 7. Nf3 Nd7 8. h5 Bh7 9. Bd3 Bxd3 10. Qxd3 e6 11. Bd2 Ngf6 12. O-O-O Qc7 13. Ne4 Nxe4 14. Qxe4 Nf6 15. Qe2 O-O-O 16. g3 Bd6 17. c4 c5 18. Bc3 b6 19. dxc5 Bxc5 20. Ne5 Qb7 {[%emt 0:02:37] White is slightly better.} 21. Rhe1 Rhe8 22. b4 Rxd1+ 23. Rxd1 Ne4 (23... Be7 $16) 24. Be1 $2 (24. bxc5 $18 {and the rest is easy. aiming for c6.} Nxc3 25. Qd2) 24... Bd6 (24... f6 $16) 25. f4 $2 (25. Nxf7 $1 $18 Bb8 26. Rd3) 25... f5 26. Nf3 Be7 27. Ne5 Bf6 28. Qc2 Bxe5 29. fxe5 Rd8 30. Rxd8+ Kxd8 $11 {[%emt 0:00:08][%mdl 4096] Endgame. KQB-KQN} 31. Bd2 Qd7 (31... Nxg3 $2 32. Qd3+ Qd7 33. Qxg3 $18) 32. Bf4 Ke7 33. Kb2 (33. Qd1 $11) 33... Qd4+ $17 34. Kb3 Kd7 {[%emt 0:01:05] Black has more active pieces.} 35. a3 Kc6 36. Ka2 Kb7 37. Kb3 a6 38. Ka2 Kc7 39. Kb3 a5 40. bxa5 (40. Ka4 $17) 40... bxa5 $19 41. Ka4 $2 {[%emt 0:31:34] [#]} (41. a4 $19) 41... Kc6 (41... Qb6 $142 42. c5 Nxc5+ 43. Qxc5+ Qxc5 44. Kb3 a4+ 45. Kb2 Kb6 46. Bd2 Kb5 (46... Qxe5+ 47. Kc2 Qxg3 48. Kd1 Qf3+ 49. Kc2 Kb5 50. Be1 Kc4 51. Bb4 Qd3+ 52. Kb2 Qe2+ 53. Kb1 Kb3 54. Bd2 Qxd2 55. Ka1 Qe1#) 47. Bf4 Kc4 48. Kc2 Qf2+ (48... Qxa3 49. Kd2 Qf3 50. Be3 a3 51. Bg1 a2 52. Bd4 Kxd4 53. Kc2 a1=R 54. Kd2 Qg2#) 49. Bd2 Qe2 (49... Qxg3 50. Bb4 Qd3+ 51. Kb2 Qe2+ 52. Kb1 Kb3 53. Bd2 Qxd2 54. Ka1 Qe1#) 50. g4 fxg4 (50... Qxg4 51. Be1 Qg2+ 52. Bd2 Qe2 53. Kb2 Qxd2+ 54. Kb1 Kc3 55. Ka1 Qb2#) 51. Kc1 Kb3 (51... Qxe5 52. Kc2 Qe2 53. Kc1 Kb3 54. Kb1 Qxd2 55. Ka1 Qe1#) 52. Kb1 Qxd2 53. Ka1 Qe1#) 42. Kb3 Kc5 $2 (42... a4+ $19 {and Black stays clearly on top.} 43. Ka2 (43. Kxa4 $2 Qb6 $19) 43... Kc5) 43. Ka4 $2 (43. a4 $17) 43... Nc3+ ({Stronger than} 43... Qxc4+ 44. Qxc4+ Kxc4 45. Kxa5 $11) 44. Kb3 Qxc4+ 45. Kb2 Na4+ (45... Nd5 $142 46. Bd2 a4) 46. Kb1 Qxc2+ 47. Kxc2 {[%emt 0:00:00] KB-KN} Kd4 $2 (47... Kb5 $19 48. Kb3 Nc5+ 49. Kc3 Ka4) 48. Bd2 $11 Kxe5 49. Bxa5 {[%emt 0:00:00] [#] Kb3 would now be deadly.} Kd5 {[%emt 0:00:00] And now ...Nc5 would win.} 50. Kb3 $2 (50. Bb4 $11 {and White is okay.}) 50... Nc5+ $19 51. Kb4 Kc6 {[%emt 0:00:00] Hoping for ...Nb7.} 52. Kc4 Ne4 53. Be1 (53. Bc3 {was necessary.} Nf6 (53... Nxg3 54. Bxg7 Nxh5 55. Bxh6 $15) (53... Nxc3 54. Kxc3 Kd5 55. Kd3 $11) 54. Be5) 53... Nf6 54. Kd4 Nxh5 55. Ke5 Kd7 56. a4 Nf6 {[%emt 0:00:00] Threatens to win with ...Ng4+.} 57. a5 Ng4+ 58. Kd4 Kc6 59. Kc4 Ne5+ 60. Kb3 g5 61. Bc3 Ng4 62. Kc4 h5 {[%emt 0:00:00] ( -> ...h4)} 63. Be1 Ne5+ {[%emt 0:00:00] Black mates.} 64. Kb3 Nd3 65. Bc3 h4 66. gxh4 gxh4 {[%emt 0:00:00] Never resign too early!   Weighted Error Value: White=0.81/Black=0.69.  Loses game:     	White=1     	Black=1      Missed win:     	White=2     	---        Mistake:       	White=4     	Black=2      Inaccurate:     	White=2     	Black=3      OK:         	White=8     	Black=9      Best:        	White=4     	Black=4} 0-1

[Event "WSTCC-50 2024"]
[Site "Krakow"]
[Date "2024.07.02"]
[Round "1.7"]
[White "Metcalfe, Allister"]
[Black "Staeblein, Christoph"]
[Result "0-1"]
[ECO "A18"]
[WhiteElo "1889"]
[BlackElo "1991"]
[Annotator "NA RC"]
[PlyCount "78"]
[EventDate "2024.07.01"]
[EventType "team-tourn"]
[EventCountry "POL"]
[SourceTitle "playchess.com"]
[Source "ChessBase"]
[SourceQuality "1"]
[TimeControl "40/5400+30:1800+30"]

1. c4 Nf6 2. Nc3 e6 3. e4 d5 4. e5 d4 5. exf6 dxc3 6. bxc3 Qxf6 7. d4 e5 8. Nf3 exd4 9. Bg5 Qe6+ 10. Be2 Be7 11. Bxe7 d3 12. Qxd3 Qxe7 13. O-O O-O 14. Rfe1 Qf6 15. Qd4 Nc6 16. Qxf6 gxf6 17. Nd4 Bd7 18. Bf3 Nxd4 19. cxd4 Rab8 20. Re7 Rfd8 21. h3 Kf8 22. Rae1 Re8 23. Rxe8+ Bxe8 24. Rb1 b6 25. Be4 h6 26. f4 Rd8 27. d5 Bd7 28. Kf2 Ke7 29. Ke3 Kd6 30. Kd3 Re8 31. f5 Ba4 32. Rb2 Kc5 33. a3 a5 34. Rf2 Bb3 35. Bf3 Bxc4+ 36. Kc3 Re3+ 37. Kb2 Rb3+ 38. Kc1 Rxa3 39. Be4 Ra1+ 0-1

[Event "WSTCC-50 2024"]
[Site "Krakow"]
[Date "2024.07.02"]
[Round "1.8"]
[White "Davies, Nigel R"]
[Black "Jhunjhnuwala, Suresh"]
[Result "1-0"]
[ECO "D02"]
[WhiteElo "2325"]
[BlackElo "1888"]
[Annotator "TA"]
[PlyCount "41"]
[EventDate "2024.07.01"]
[EventType "team-tourn"]
[EventCountry "POL"]
[SourceTitle "playchess.com"]
[Source "ChessBase"]
[SourceQuality "1"]
[TimeControl "40/5400+30:1800+30"]

1. d4 d5 2. Nf3 Bf5 3. c4 e6 4. Nc3 c6 5. Qb3 Qb6 6. c5 Qxb3 7. axb3 Na6 8. e4 dxe4 $2 {[%emt 0:06:30] [#]} ({Black should play} 8... Nb4 $1 $14 9. Ra4 (9. exf5 Nc2+ 10. Kd1 Nxa1 $15) 9... Nc2+ (9... dxe4 10. Rxb4 exf3 11. Rxb7 $16) 10. Kd2 dxe4) 9. Bxa6 $18 bxa6 10. Ne5 {[%emt 0:00:42] White is clearly better.} f6 11. Nxc6 {[%emt 0:00:34][%cal Ob3b4] A dynamic duo of knights.} Ne7 12. Rxa6 Nxc6 13. Rxc6 Kd7 {[%emt 0:00:11] Black is weak on the dark squares} 14. Ra6 {[%emt 0:00:09] Black must now prevent b4.} Kc7 (14... e5 $142 15. c6+ Kd8 16. dxe5 Bc8) 15. b4 {[%emt 0:01:55][%cal Bb3b4,Bb4b5][%mdl 32] White is clearly winning.} Be7 16. Be3 Kb7 17. b5 Bg6 18. O-O f5 19. Rfa1 {[%emt 0:01:03] [#] Hoping for c6+.} e5 20. d5 f4 21. c6+ {[%emt 0:00:19] Black got outplayed after the opening.   Weighted Error Value: White=0.04 (flawless) /Black=0.99.  Mistake:       	---       	Black=2      Inaccurate:     	---       	Black=2      OK:         	White=7     	Black=3      Best:        	White=1     	---} 1-0

[Event "WSTCC-50 2024"]
[Site "Krakow"]
[Date "2024.07.02"]
[Round "1.8"]
[White "Kantorik, Marian"]
[Black "Lyons, Brendan"]
[Result "1-0"]
[ECO "D21"]
[WhiteElo "2198"]
[BlackElo "1920"]
[Annotator "RC"]
[PlyCount "65"]
[EventDate "2024.07.01"]
[EventType "team-tourn"]
[EventCountry "POL"]
[SourceTitle "playchess.com"]
[Source "ChessBase"]
[SourceQuality "1"]
[TimeControl "40/5400+30:1800+30"]

1. d4 d5 2. c4 dxc4 3. Nf3 c5 4. d5 e6 5. e4 exd5 6. exd5 Bd6 7. Bxc4 Ne7 8. Nc3 a6 9. a4 O-O 10. O-O Bg4 11. h3 Bf5 12. Nh4 Re8 13. Bg5 Bg6 14. Nxg6 hxg6 15. Ne4 Qb6 16. a5 Qc7 17. Re1 Nd7 18. Nxd6 Qxd6 19. Bxe7 Rxe7 20. Rxe7 Qxe7 21. d6 Qf6 22. Qd5 Ne5 23. Qxb7 Rd8 24. Bxa6 Rxd6 25. Bf1 Rd2 26. Qc8+ Kh7 27. Qxc5 Nd7 28. Qe3 Qxb2 29. Re1 Rd5 30. a6 Re5 31. Qc1 Qa2 32. Qa1 Qd2 33. Rxe5 1-0

[Event "WSTCC-50 2024"]
[Site "Krakow"]
[Date "2024.07.02"]
[Round "1.8"]
[White "Koop, Thilo"]
[Black "Schutte, Andre"]
[Result "1-0"]
[ECO "B10"]
[WhiteElo "2088"]
[BlackElo "1817"]
[Annotator "NA RC"]
[PlyCount "139"]
[EventDate "2024.07.01"]
[EventType "team-tourn"]
[EventCountry "POL"]
[SourceTitle "playchess.com"]
[Source "ChessBase"]
[SourceQuality "1"]
[TimeControl "40/5400+30:1800+30"]

1. e4 c6 2. Nf3 d5 3. exd5 cxd5 4. Ne5 Qc7 5. d4 Nf6 6. c3 Nc6 7. Bb5 a6 8. Qa4 Bd7 9. Nxd7 Nxd7 10. O-O Nb6 11. Bxc6+ Qxc6 12. Qd1 e6 13. Nd2 Bd6 14. Qg4 O-O 15. Nf3 Qc7 16. Re1 Kh8 17. Bg5 Be7 18. Bf4 Qd8 19. Re2 Nd7 20. Qh3 Rg8 21. Rae1 g5 22. Ne5 Nxe5 23. Bxe5+ Bf6 24. Qh5 Bxe5 25. Rxe5 Qf6 26. R1e3 Rg7 27. Rf3 Qe7 28. Rfe3 Qf6 29. h3 Rag8 30. Qg4 Qf4 31. g3 Qxg4 32. hxg4 Rc8 33. Kg2 h6 34. Kh3 Rcg8 35. Re1 Kh7 36. Kg2 Kg6 37. Rh1 Rc8 38. f4 gxf4 39. gxf4 Rh8 40. Kf3 Rgh7 41. f5+ Kf6 42. Rhe1 h5 43. g5+ Kxg5 44. fxe6+ Kf6 45. Kf4 fxe6 46. Rxe6+ Kf7 47. Kf5 h4 48. Re7+ Kf8 49. Re8+ Kg7 50. R1e7+ Kh6 51. Rxh8 Rxh8 52. Kg4 Kg6 53. Kh3 Kf5 54. Re5+ Kf4 55. Rxd5 Rg8 56. Rh5 Rg3+ 57. Kh2 Kg4 58. Rh7 Rd3 59. Rg7+ Kf4 60. Rxb7 h3 61. Rf7+ Kg4 62. Rf2 a5 63. a4 Rd1 64. Rc2 Rd3 65. b4 axb4 66. cxb4 Rxd4 67. Rb2 Kf5 68. a5 Ke6 69. a6 Rd8 70. b5 1-0

[Event "WSTCC-50 2024"]
[Site "Krakow"]
[Date "2024.07.02"]
[Round "1.9"]
[White "Olafsson, Helgi"]
[Black "Horvath, Julia"]
[Result "1-0"]
[ECO "D70"]
[WhiteElo "2466"]
[BlackElo "2116"]
[Annotator "TA"]
[PlyCount "67"]
[EventDate "2024.07.01"]
[EventType "team-tourn"]
[EventCountry "POL"]
[SourceTitle "playchess.com"]
[Source "ChessBase"]
[SourceQuality "1"]
[TimeControl "40/5400+30:1800+30"]

1. d4 Nf6 2. c4 g6 3. Nf3 Bg7 4. g3 c6 5. Bg2 O-O 6. O-O d5 7. Qa4 Nbd7 8. cxd5 cxd5 9. Nc3 Nb6 10. Qb3 Ne4 11. Rd1 Nxc3 12. Qxc3 Bf5 {[%emt 0:01:01] White has an edge.} 13. b3 Rc8 14. Qa5 a6 15. Bf4 Be4 (15... e6 $11) 16. Rac1 Na8 {[%emt 0:09:49] [#]} (16... Bc2 $142) 17. Qb4 $1 $16 Qd7 18. Ne5 Bxe5 19. dxe5 (19. Bxe5 Bxg2 20. Kxg2 g5 $15) 19... Bxg2 20. Kxg2 {[%emt 0:01:55] Black is weak on the dark squares} b5 21. Bg5 f6 22. Rxc8 Qxc8 23. Bh6 Re8 24. Qd4 $36 {[%emt 0:08:00][%mdl 2048] Prevents Nb6. Keeping Black busy.} Nc7 (24... Kf7 {keeps fighting.} 25. exf6 (25. Qxd5+ Qe6 $18) 25... exf6 26. Qxd5+ Re6) 25. exf6 $18 e5 26. Qa7 {[%emt 0:01:16] [#] White wants to mate with Rc1.} Qd7 $2 (26... Qb8 27. Qc5 d4) 27. Rc1 {[%emt 0:00:14] White is clearly winning.} Rc8 28. Bd2 d4 29. Ba5 d3 30. exd3 (30. Rxc7 $2 {perishes.} Rxc7 31. Qb8+ (31. Bxc7 $2 d2 $19) (31. Qxc7 $2 Qxc7 32. Bxc7 d2 $19) 31... Qc8 $19 (31... Rc8 $2 32. Qxe5 Re8 33. f7+ Qxf7 34. Qd6 $19)) 30... Qxd3 31. Qb7 {[%emt 0:00:27] Active counter play!} Qf5 32. Rxc7 (32. Bxc7 $142 Qd7 33. Rd1 Qxc7 34. Rd8+ (34. Qxa6 Qc6+ 35. Qxc6 Rxc6 $18) 34... Kf7 35. Rd7+ (35. Qxc8 Qxc8 36. Rxc8 e4 $18) 35... Qxd7 36. Qxd7+ Kxf6 37. Qxc8) 32... Rxc7 33. Bxc7 {[%emt 0:00:11] White threatens Qd5+ and mate.} Qxf6 34. Qd5+ {[%emt 0:00:09] White took control after the opening.   Weighted Error Value: White=0.12 (very precise) /Black=0.54.  Mistake:       	---       	Black=4      Inaccurate:     	White=1     	Black=2      OK:         	White=7     	Black=3      Best:        	White=1     	Black=1      Strong:       	White=1     	---} 1-0

[Event "WSTCC-50 2024"]
[Site "Krakow"]
[Date "2024.07.02"]
[Round "1.9"]
[White "Buckley, Graeme N"]
[Black "Skibbe, Diana"]
[Result "1-0"]
[ECO "C80"]
[WhiteElo "2334"]
[BlackElo "1942"]
[Annotator "TA"]
[PlyCount "73"]
[EventDate "2024.07.01"]
[EventType "team-tourn"]
[EventCountry "POL"]
[SourceTitle "playchess.com"]
[Source "ChessBase"]
[SourceQuality "1"]
[TimeControl "40/5400+30:1800+30"]

1. e4 e5 2. Nf3 Nc6 3. Bb5 a6 4. Ba4 Nf6 5. O-O Nxe4 6. d4 b5 7. Bb3 d5 8. dxe5 Be6 9. Be3 Be7 10. c3 Na5 11. Nd4 c5 (11... O-O $11) 12. Nxe6 $18 fxe6 {[%emt 0:00:04] [#]} 13. Qg4 $1 {[%emt 0:06:31][%csl LRe6,LRg7] White is clearly better.} Nxb3 14. axb3 (14. Qxg7 Nxa1 15. Qxh8+ Kd7 16. Qxh7 Nc2 $14) 14... O-O 15. Qxe6+ Kh8 16. Rd1 (16. Rxa6 Rxa6 17. Qxa6 d4 $11) ({White should play} 16. Nd2 {Strongly threatening Nxe4.} Nxd2 17. Bxd2) 16... Bg5 {[%emt 0:02:33] [#] Hoping for ...Bxe3.} 17. Nd2 {[%emt 0:11:34] Nxe4 is the strong threat. White is more active.} (17. Rxa6 $2 Bxe3 18. Rxa8 (18. fxe3 $2 Rxa6 19. Qxa6 Qh4 $19) 18... Bxf2+ (18... Qxa8 19. fxe3 d4 20. exd4 $11) 19. Kh1 Qxa8 $19) 17... Bxe3 18. Nxe4 Qh4 19. Qxd5 (19. Rxd5 $2 Bxf2+ 20. Kh1 (20. Nxf2 $2 Qxf2+ 21. Kh1 Qf1+ 22. Rxf1 Rxf1#) 20... Qxe4 $19) 19... Bxf2+ (19... Rad8 $1 $14 20. Qb7 Bxf2+ 21. Kh1 Rxd1+ 22. Rxd1 Qg4) 20. Kh1 {[%emt 0:00:49][%cal Og2g3] g3! would now be deadly. Black is weak on the light squares} Rab8 21. e6 {[%emt 0:10:53][%cal Od5e5,Be5e6,Be6e7][%mdl 32] Threatens to win with Qe5!} (21. Nxc5 Bg3 22. h3 (22. Rxa6 $2 Qxh2#) 22... Rbd8 $18) (21. Rxa6 Be1 22. Nd2 (22. Nxc5 $2 Rf1#) 22... Bxd2 23. Qxd2 Rf2 $18) 21... Rf4 $2 (21... h6 22. Qe5 (22. Nxc5 Rbd8 $18) (22. Rxa6 Be1 $14) 22... Qf4 23. Qxf4 Rxf4) 22. Nxf2 $2 (22. Nxc5 $2 Qxh2+ 23. Kxh2 Rh4#) (22. Ng5 {[%cal Oe6e7] e7! would kill now.} Bg3 23. Nh3 (23. Qxc5 $2 Qxh2#)) 22... Rxf2 23. Qe5 {[%emt 0:10:41] Prevents Re2.} (23. Qxc5 $6 Re2 $18) 23... Re8 24. Rf1 $40 {[%emt 0:06:22][%mdl 128] White attacks with force.} (24. Rxa6 $6 Rxg2 25. Kxg2 Qg4+ 26. Kf2 Qxd1 $16) (24. Qxc5 Re2) 24... Rxb2 $2 (24... Rxf1+ 25. Rxf1 h6) 25. e7 (25. Rxa6 Qf2 26. Rg1 (26. Rxf2 $2 Rb1+) 26... Re2 $11) 25... Rf2 26. Qxc5 $2 (26. Kg1 Rf6 27. Rxa6 (27. Qxc5 h6 $16) 27... Rxf1+ 28. Kxf1) 26... Rf6 (26... Rxf1+ $2 27. Rxf1 $18) 27. h3 h6 (27... Rxf1+ $2 28. Rxf1 $18) 28. Rxf6 Qxf6 {[%emt 0:02:58][%mdl 4096] Endgame. KQR-KQR} 29. Re1 g6 30. Kg1 {[%emt 0:01:40] Black must now prevent Qd4.} Kg7 31. b4 g5 $2 (31... Qh4 32. Qe5+ Qf6) 32. Qc7 Qg6 33. Qd7 Qb6+ 34. Kh2 Qb8+ 35. Kh1 {[%emt 0:00:04] White mates.} Qg3 36. Rf1 Qb8 37. Qe6 {[%emt 0:00:11] Weighted Error Value: White=0.59/Black=0.66.  Loses game:     	---       	Black=1      Mistake:       	White=2     	Black=4      Inaccurate:     	White=1     	Black=1      OK:         	White=9     	Black=5      Best:        	White=3     	Black=4      Strong:       	White=1     	---} (37. Rf5 $142 a5 38. Qd4+ (38. Qxb5 Qxb5 39. Rxb5 axb4 $16) (38. bxa5 Qc8 39. Qd4+ Kh7 40. Rf7+ Kg6 41. Qf6+ Kh5 42. Rh7 Qxh3+ 43. gxh3 Kh4 44. Kg2 h5 45. Qf2#) 38... Kg8 39. Qd5+ (39. bxa5 Rxe7 40. Qd5+ Kg7 $18) 39... Kh8 40. Qe6 (40. Qxb5 Qxb5 41. Rxb5 axb4 $16) 40... Qd6 41. Qxd6 Kg7 42. Qf6+ (42. Rxb5 axb4 43. Rb6 Ra8 44. Qg6+ Kh8 45. Ra6 Rc8 46. Qf7 bxc3 47. Rxh6#) 42... Kh7 43. Qf7+ (43. Rxb5 Kg8 44. Qg6+ Kh8 45. Qxh6+ Kg8 46. Rxg5+ Kf7 47. Rg7#) 43... Kh8 44. Rf6 axb4 45. Rxh6#) 1-0